cohdb
Replays
Latest Replays
All Replays
Popular Replays
Top Player Replays
Match Explorer
How It Works
Community
CoH3 Stats
Reddit
Sign in to upload your games and track your stats! →
Sign in with Steam
Match 43684678
Unlisted
Match 43684678
Overview
Messages
Build Orders
End
Panzergrenadier Squad
Selects Battlefield Espionage Battlegroup
Selects Battlefield Espionage Battlegroup
Panzergrenadier Squad
250 Light Carrier
Panzergrenadier Squad
Construct Light Support Kompanie
MG34 Team
Construct Mechanized Kompanie
8 Rad Armored Car
Selects 250/3 Funkpanzerwagen
Marder III Tank Destroyer
Selects Anti-Tank Incendiary Munitions
2.5-tonne Medical Truck
Veteran Squad Leaders
Selects Intel Disruption Beacon
Selects Transfer Depots
Selects Disruption Operation
Support Armor Elements
StuG III D Assault Gun
Lelew
JimmyS
ConcernedApe
badiba
0
0
Comments
sign in to comment!
No comments posted yet!